 Dungeon Crawl Stone Soup version 0.19.4-9-g45fd643 (webtiles) character file.

794 danebombitumenja the Chopper (level 7, -1/91 HPs)
             Began as a Minotaur Monk on Feb 18, 2017.
             Slain by a wraith (3 damage)
             ... in an ossuary.
             The game lasted 00:08:19 (4170 turns).

danebombitumenja the Chopper (Minotaur Monk)        Turns: 4170, Time: 00:08:19

Health: -1/91      AC: 23    Str: 17    XL:     7   Next: 58%
Magic:  6/6        EV:  2    Int:  7    God:
Gold:   322        SH:  0    Dex: 13    Spells: 0 memorised, 6 levels left

rFire  . . .     SeeInvis .     a - +0 hand axe
rCold  . . .     Gourm    .     (armour currently unavailable)
rNeg   + + +     Faith    .     (no shield)
rPois  +         Spirit   .     (helmet currently unavailable)
rElec  .         Reflect  .     (cloak currently unavailable)
rCorr  .         Harm     .     (gloves currently unavailable)
MR     .....     NoTele   +     (boots currently unavailable)
Stlth  ++........               (no amulet)
                                (no ring)
                                (no ring)

@: tree-form, slowed, very slow
A: (retaliatory headbutt), (horns 0)
a: no special abilities


You were in an ossuary.
You were near starving.
You were a tree.
You visited 1 branch of the dungeon, and saw 5 of its levels.
You also visited: Ossuary.

You collected 322 gold pieces.

Inventory:

Hand Weapons
 a - a +0 hand axe (weapon)
Armour
 n - a +0 cloak (melded)
 u - a +0 chain mail (melded)
Wands
 p - a wand of acid (11/15)
Scrolls
 b - 2 scrolls of enchant armour {unknown}
 d - 7 scrolls of identify {unknown}
 g - 3 scrolls of fog {unknown}
 h - 2 scrolls of remove curse {unknown}
 j - 5 scrolls of teleportation {unknown}
 k - a scroll of blinking {unknown}
 t - a scroll of enchant weapon {unknown}
 y - 2 scrolls of amnesia {unknown}
Potions
 e - 2 potions of cancellation
 i - a potion of lignification
 l - a potion of brilliance {unknown}
 m - 3 potions of flight {unknown}
 o - 2 potions of magic {unknown}
 q - a potion of beneficial mutation {unknown}
 r - 2 potions of berserk rage {unknown}
 s - a potion of heal wounds {unknown}
 v - a potion of resistance {unknown}
 x - a potion of cure mutation {unknown}
 z - a potion of agility {unknown}
 A - a potion of mutation {unknown}
 B - a potion of haste {unknown}
Books
 w - a book of Transfigurations

   Spells                             Type                      Level
   a - Irradiate                      Conjuration/Transmutation    5
   b - Statue Form                    Transmutation/Earth          6
   c - Hydra Form                     Transmutation                6
   d - Dragon Form                    Transmutation                7
Comestibles
 c - 6 bread rations
 f - a royal jelly


   Skills:
 + Level 5.3 Fighting
 * Level 7.2 Axes
 + Level 3.6 Armour
 + Level 5.1 Dodging
 + Level 3.2 Stealth


You had 6 spell levels left.
You didn't know any spells.

Dungeon Overview and Level Annotations

Branches:
Dungeon (5/15)
 Temple: D:4-7

Altars:
Gozag
Nemelex Xobeh
Ru
Zin

Shops:
D:3 *


Innate Abilities, Weirdness & Mutations

((You reflexively headbutt those who attack you in melee.))
((You have a pair of horns on your head.))


Message History

You feel as though you will be slow longer.
The wraith hits you but does no damage.
You barely miss the wraith.
The wraith is heavily damaged.
The wraith hits you but does no damage.
You barely miss the wraith.
The wraith is heavily damaged.
The wraith hits you but does no damage. x2
You slash the wraith!
The wraith is almost destroyed.
The wraith hits you but does no damage.
You hit the wraith but do no damage.
The wraith is almost destroyed.
The wraith hits you but does no damage.
You barely miss the wraith.
The wraith is almost destroyed.
The wraith hits you.
* * * LOW HITPOINT WARNING * * *
The wraith hits you.
You die...

▒▒▒▒▒▒▒▒▒▒▒▒▒▒▒▒▒▒▒▒▒
▒····················
▒·∩·········♣········
▒·······▒▒▒▒▒W▒▒▒▒▒·
▒······▒▒·········▒
▒·····▒▒···▒▒'▒▒···▒
▒····▒▒···▒▒···▒▒···▒
▒····▒···▒▒·?!!·▒▒···
▒····╬·· ▒·??!!··▒ ··
▒····▒· ▒▒··!?·▒▒ ·
▒····▒▒ ·▒▒···▒▒·


You could see a wraith.

Vanquished Creatures
  2 ogres (D:5)
  A phantom (D:4)
  4 howler monkeys
  A crimson imp (D:5)
  A centaur zombie (D:5)
  A hound (D:5)
  4 orc wizards
  A worker ant (D:5)
  A mummy (Ossuary)
  5 adders
  An ooze (D:2)
  2 worms
  4 dart slugs
  A leopard gecko (D:1)
  6 orcs
  5 giant cockroaches
  5 goblins
  11 hobgoblins
  3 quokkas
  A ball python (D:3)
  7 bats
  6 frilled lizards
  7 gnoll skeletons (Ossuary)
  4 kobolds
  2 kobold skeletons (Ossuary)
  8 orc skeletons (Ossuary)
  8 rats
102 creatures vanquished.

Notes
Turn   | Place    | Note
-------+----------+-------------------------------------------
     0 | D:1      | danebombitumenja the Minotaur Monk began the quest for the Orb.
     0 | D:1      | Reached XP level 1. HP: 19/19 MP: 0/0
   121 | D:1      | Reached XP level 2. HP: 26/27 MP: 1/1
   354 | D:1      | Reached skill level 4 in Axes
   652 | D:1      | Reached skill level 1 in Armour
   687 | D:1      | Reached XP level 3. HP: 33/33 MP: 2/2
  1200 | D:2      | Found a glowing silver altar of Zin.
  1474 | D:2      | Reached XP level 4. HP: 39/40 MP: 3/3
  1691 | D:3      | Reached skill level 5 in Axes
  1891 | D:3      | Found a sacrificial altar of Ru.
  1914 | D:3      | Reached XP level 5. HP: 29/46 MP: 4/4
  2384 | D:3      | Found an opulent altar of Gozag.
  2390 | D:3      | Found Gozag's Platinum Reserve.
  3149 | D:4      | Noticed a phantom
  3186 | D:4      | Killed a phantom
  3186 | D:4      | Reached skill level 6 in Axes
  3186 | D:4      | Reached XP level 6. HP: 34/53 MP: 5/5
  3332 | D:5      | Entered Level 5 of the Dungeon
  3545 | D:5      | Reached XP level 7. HP: 48/60 MP: 6/6
  3631 | D:5      | Found a sparkling altar of Nemelex Xobeh.
  3647 | D:5      | Reached skill level 5 in Fighting
  3647 | D:5      | Reached skill level 7 in Axes
  3651 | D:5      | Reached skill level 5 in Dodging
  3943 | D:5      | Found a sand-covered staircase.
  3953 | Ossuary  | Entered an ossuary
  3953 | Ossuary  | Noticed a wraith
  3953 | Ossuary  | Noticed a wraith
  3953 | Ossuary  | Noticed a wraith
  4139 | Ossuary  | Noticed a wraith
  4165 | Ossuary  | HP: 3/91 [wraith (5)]
  4170 | Ossuary  | HP: 2/91 [wraith (3)]
  4170 | Ossuary  | Slain by a wraith

Skill      XL: |  1  2  3  4  5  6  7 |
---------------+----------------------+-----
Stealth        | 2 3 |  3.2
Axes           | 4 5 6 7 |  7.2
Armour         | 1 2 3 |  3.6
Fighting       | 4 5 |  5.3
Dodging        | 4 5 |  5.1

Action                   |  1- 3 |  4- 6 |  7- 9 || total
-------------------------+-------+-------+-------++-------
Melee: Hand axe          |    87 |   136 |   114 ||   337
       Headbutt          |    16 |    27 |    22 ||    65
  Use: Potion            |       |       |     2 ||     2
 Stab: Distracted        |     1 |       |       ||     1
       Sleeping          |     9 |       |       ||     9
       Paralysed         |       |     1 |       ||     1
  Eat: Chunk             |     2 |     6 |     1 ||     9
Armor: Robe              |    14 |     1 |       ||    15
       Scale mail        |       |    18 |       ||    18
       Chain mail        |       |    35 |    41 ||    76
       Skin              |       |       |    14 ||    14
Dodge: Dodged            |    56 |    45 |    49 ||   150
